 Dungeon Crawl Stone Soup version 0.26.0-45-g9c1d065592 (webtiles) character file.

Game seed: 4508406322187330583

2772 Marvel the Grappler (level 9, -11/80 HPs)
             Began as a Troll Monk on Jan 25, 2021.
             Was a Priest of Zin.
             Mangled by Menkaure (23 damage)
             ... on level 6 of the Dungeon on Jan 28, 2021.
             The game lasted 00:13:52 (4835 turns).

Marvel the Grappler (Troll Monk)                    Turns: 4835, Time: 00:13:53

Health: -11/80     AC:  7    Str: 25    XL:     9   Next: 42%
Magic:  7/8        EV: 10    Int:  7    God:    Zin [***...]
Gold:   411        SH:  0    Dex: 13    Spells: 8/8 levels left

rFire    . . .     SeeInvis .     - Unarmed
rCold    . . .     Faith    .   (no shield)
rNeg     . . .     Spirit   .   a - +1 robe
rPois    ∞         Reflect  .   (helmet restricted)
rElec    .         Harm     .   t - scarf {repulsion}
rCorr    .         Rampage  .   (gloves unavailable)
Will     .....                  (boots unavailable)
Stlth    ++........             (no amulet)
HPRegen  0.63/turn              (no ring)
MPRegen  0.11/turn              (no ring)

@: vitalised, hasted, repel missiles, very quick
A: large, unfitting armour, claws 3, regeneration 1, shaggy fur 1, tough skin 3
a: Renounce Religion, Recite, Vitalisation, Imprison, Donate Gold


You were on level 6 of the Dungeon.
You worshipped Zin.
Zin was most pleased with you.
You visited 2 branches of the dungeon, and saw 8 of its levels.
You also visited: Ossuary.

You collected 456 gold pieces.
You donated 45 gold pieces to Zin.

Inventory:

Missiles
 b - 16 poisoned darts (quivered)
 y - 3 boomerangs
Armour
 a - a +1 robe (worn)
 t - a scarf of repulsion (worn)
Jewellery
 n - an uncursed ring of magical power {unknown}
Wands
 c - a wand of flame (14)
 r - a wand of acid (23)
 A - a wand of random effects (19)
Scrolls
 d - 2 scrolls of blinking
 e - 2 scrolls of remove curse
 h - 4 scrolls of identify
 k - 2 scrolls of fog
 l - 3 scrolls of teleportation
 m - a scroll of enchant armour
 u - a scroll of fear {unknown}
 v - 2 scrolls of amnesia
 x - a scroll of brand weapon {unknown}
 B - a scroll of vulnerability {unknown}
 C - a scroll of enchant weapon
Potions
 i - 2 potions of lignification
 j - a potion of haste
 o - a potion of heal wounds
 p - 2 potions of curing
 q - 2 potions of flight {unknown}
 s - a potion of resistance {unknown}
 w - 2 potions of attraction {unknown}
 z - a potion of degeneration {unknown}
 D - a potion of mutation {unknown}


   Skills:
 - Level 2.6 Fighting
 + Level 1.5 Throwing
 - Level 2.5 Dodging
 - Level 1.1 Stealth
 + Level 12.6 Unarmed Combat
 + Level 0.1 Evocations


You had 8 spell levels left.
You didn't know any spells.
Your spell library contained the following spells:

 Spells                   Type           Power        Failure   Level
 Beastly Appendage        Tmut           0%           43%         1
 Wereblood                Tmut           0%           56%         2
 Spider Form              Tmut/Pois      0%           80%         3
 Ice Form                 Ice/Tmut       0%           99%         4
 Blade Hands              Tmut           0%           100%        5


Dungeon Overview and Level Annotations

Branches:
Dungeon (7/15)             Temple (1/1) D:4         Ossuary (visited)

Altars:
Ashenzari
Cheibriados
Elyvilon
Fedhas
Gozag
Hepliaklqana
Kikubaaqudgha
Nemelex Xobeh
Okawaru
Qazlal
Ru
Sif Muna
Trog
Uskayaw
Vehumet
Xom
Yredelemnul
Zin

Shops:
D:7 :

Annotations:
D:6 Menkaure


Innate Abilities, Weirdness & Mutations

You are too large for most types of armour.
You have claws for hands.
Your natural rate of healing is unusually fast.
You are covered in fur. (AC +1)
You have extremely tough skin. (AC +3)


Message History

You completely miss Menkaure.
Menkaure is lightly damaged.
Menkaure hits you!
* * * LOW HITPOINT WARNING * * *
It was a potion of lignification.
Zin protects your body from unnatural transformation!
You feel woody for a moment. Menkaure misses you.
It was a potion of cancellation.
You feel magically purged. Menkaure barely misses you.
It was a potion of haste.
You feel yourself speed up. Menkaure hits you.
* * * LOW HITPOINT WARNING * * *
It was a potion of heal wounds.
You feel much better.
Menkaure calls on the powers of darkness!
Your body is wracked with pain!
* * * LOW HITPOINT WARNING * * *
Okay, then.
As you read the scroll labelled CATHRE PENEPLAE, it crumbles to dust.
You feel aware of your surroundings.
It was a scroll of magic mapping.
Menkaure hits you!!
You die...

###..#
**,,,,,,,,,,***
######
*,,,,,,,****,,#
..####
*,,,,,*** **.#
.....###,,,,**
*#.*
.......##****
*#.#* ........#
*#..# ........#
##..#*
........#
##M.#*
........#
##.@#*
........#
##..##
........# #...#
.......## #...#
.......# #...##
......## ###..#
.....## #..#
...### ##.#
..## ###.#


You could see Menkaure (fast).

Vanquished Creatures
  A wizard (D:7)
  Sigmund (D:6)
  Edmund (D:6)
  An ice beast (D:6)
  A sky beast (D:6)
  A black bear (D:7)
  A necrophage (D:7)
  A phantom (D:7)
  5 ogres
  A centaur (D:6)
  A big kobold (D:7)
  2 bullfrogs
  5 wights (D:6)
  A howler monkey (D:4)
  A gnoll shaman (D:4)
  4 hounds
  2 iguanas (D:6)
  An orc wizard (D:3)
  3 worker ants
  3 mummies (Ossuary)
  Robin (D:2)
  4 adders
  3 gnolls (D:4)
  A shadow imp (D:4)
  An ufetubus (D:4)
  2 oozes (D:4)
  3 adder zombies
  3 worms (D:3)
  3 dart slugs
  9 leopard geckos
  12 orcs
  6 giant cockroaches
  21 goblins
  13 hobgoblins
  10 jackals
  5 quokkas
  A ball python (D:3)
  10 bats
  5 frilled lizards
  5 goblin zombies (Ossuary)
  A hobgoblin zombie (Ossuary)
  12 kobolds
  4 kobold zombies (Ossuary)
  A quokka skeleton (D:4)
  3 quokka zombies (Ossuary)
  12 rats
  3 rat zombies (Ossuary)
191 creatures vanquished.

Vanquished Creatures (others)
  A fungus (D:2)
  9 plants (D:4)
10 creatures vanquished.

Grand Total: 201 creatures vanquished

Notes
Turn   | Place    | Note
-------+----------+-------------------------------------------
     0 | D:1      | Marvel the Troll Monk began the quest for the Orb.
     0 | D:1      | Reached XP level 1. HP: 22/22 MP: 0/0
    43 | D:1      | Upgraded the game from 0.26.0-20-g3ca415f5b8 to
                  | 0.26.0-45-g9c1d065592
   115 | D:1      | Reached XP level 2. HP: 29/29 MP: 1/1
   563 | D:1      | Reached XP level 3. HP: 34/36 MP: 2/2
   829 | D:2      | Reached skill level 4 in Unarmed Combat
   966 | D:2      | Reached XP level 4. HP: 44/44 MP: 3/3
  1158 | D:2      | Noticed Robin
  1179 | D:2      | Killed Robin
  1227 | D:2      | Found a white marble altar of Elyvilon.
  1348 | D:2      | Reached skill level 1 in Throwing
  1657 | D:3      | You fall into a shaft and drop 1 floor!
  1658 | D:4      | Noticed an ogre
  1662 | D:4      | Killed an ogre
  1663 | D:4      | Reached skill level 5 in Unarmed Combat
  1663 | D:4      | Reached XP level 5. HP: 30/50 MP: 4/4
  1701 | D:4      | Found a staircase to the Ecumenical Temple.
  1760 | Temple   | Entered the Ecumenical Temple
  2211 | D:4      | Reached skill level 6 in Unarmed Combat
  2307 | D:4      | Noticed an ogre
  2313 | D:4      | Killed an ogre
  2314 | D:4      | Reached XP level 6. HP: 51/59 MP: 5/5
  2368 | D:4      | Reached skill level 7 in Unarmed Combat
  2658 | D:3      | Noticed an air elemental
  2660 | D:3      | Found a stormy altar of Qazlal.
  2661 | D:3      | Noticed a fire elemental
  2661 | D:3      | Noticed a water elemental
  2793 | D:3      | Reached XP level 7. HP: 66/66 MP: 6/6
  3206 | D:5      | Entered Level 5 of the Dungeon
  3297 | D:5      | Found a blossoming altar of Fedhas.
  3298 | D:5      | You fall into a shaft and drop 2 floors!
  3298 | D:7      | Noticed a wizard
  3336 | D:7      | Reached skill level 8 in Unarmed Combat
  3432 | D:7      | Found Pulise's Book Emporium.
  3466 | D:7      | Killed a wizard
  3467 | D:7      | Reached skill level 10 in Unarmed Combat
  3467 | D:7      | Reached XP level 8. HP: 46/74 MP: 7/7
  3854 | D:6      | Found a sand-covered staircase.
  3855 | D:6      | Noticed Edmund
  3862 | D:6      | Killed Edmund
  3863 | D:6      | Reached skill level 11 in Unarmed Combat
  3874 | Ossuary  | Entered an ossuary
  4151 | D:6      | Reached XP level 9. HP: 33/74 MP: 8/8
  4305 | D:6      | Noticed Sigmund
  4310 | D:6      | Killed Sigmund
  4311 | D:6      | Reached skill level 12 in Unarmed Combat
  4790 | D:6      | Found a sparkling altar of Nemelex Xobeh.
  4791 | D:6      | Found a sacrificial altar of Ru.
  4791 | D:6      | Found a white marble altar of Elyvilon.
  4795 | D:6      | Found a bloodstained altar of Trog.
  4795 | D:6      | Found an ancient bone altar of Kikubaaqudgha.
  4796 | D:6      | Found a glowing silver altar of Zin.
  4804 | D:6      | Became a worshipper of Zin the Law-Giver
  4804 | D:6      | Reached * piety under Zin
  4804 | D:6      | Reached ** piety under Zin
  4804 | D:6      | Reached *** piety under Zin
  4821 | D:6      | Noticed Menkaure
  4830 | D:6      | HP: 3/80 [Menkaure (7)]
  4835 | D:6      | Mangled by Menkaure

Illustrated notes

Levels and vault maps discovered:
D:1:      lightli_arrival_maybe_door_vault, layout_loops_ring
D:2:      layout_loops_ring, elyvilon_altar_1, uniq_robin
D:3:      layout_basic, nicolae_qazlal_style_of_elements
D:4:      layout_rooms, minmay_temple_entry_antechambers, gup_sewer_entry_bowl,
          serial_bayou_lake_a
D:5:      layout_basic, basic_altar, ebering_ghost_rock_garden,
          grunt_ministairs_14
D:6:      layout_layer_cave, grunt_temple_overflow_open,
          nicolae_ossuary_entry_monument, minmay_ogre_servants, uniq_edmund,
          uniq_sigmund, uniq_pikel, uniq_menkaure
D:7:      cheibrodos_wizards_tower, layout_rooms, serial_shops, shop_fountains
Temple:   minmay_temple_forest_path

Skill      XL: |  1  2  3  4  5  6  7  8  9 |
---------------+----------------------------+-----
Unarmed Combat | 4 5 6 7 10 11 12 | 12.6
Throwing       | 1 |  1.5
Fighting       | |  2.6
Dodging        | |  2.5
Stealth        | |  1.1
Evocations     | |  0.1

Action                   |  1- 3 |  4- 6 |  7- 9 || total
-------------------------+-------+-------+-------++-------
Melee: Unarmed           |    99 |   148 |   237 ||   484
       Punch             |       |     4 |    12 ||    16
Throw: Dart              |    10 |       |       ||    10
Invok: Vitalisation      |       |       |     1 ||     1
Evoke: Wand              |       |     1 |       ||     1
  Use: Scroll            |       |     9 |     1 ||    10
       Potion            |       |       |     4 ||     4
 Stab: Sleeping          |     4 |     5 |     1 ||    10
Armor: Robe              |    48 |    60 |    64 ||   172
Dodge: Dodged            |    61 |    87 |   108 ||   256
